 Dungeon Crawl Stone Soup version 0.18.1-47-g9310371 (webtiles) character file.

23 Implojin the Ruffian (level 2, -1/29 HPs)
             Began as a Troll Fighter on June 22, 2016.
             Slain by Sigmund
             ... wielding a +0 scythe
              (7 damage)
             ... on level 2 of the Dungeon.
             The game lasted 00:01:11 (203 turns).

Implojin the Ruffian (Troll Fighter)                 Turns: 203, Time: 00:01:12

Health: -1/29      AC:  5    Str: 28    XL:     2   Next: 75%
Magic:  1/1        EV:  8    Int:  4    God:
Gold:   30         SH:  9    Dex:  9    Spells: 0 memorised, 1 level left

rFire  . . .     SeeInvis .       - Unarmed
rCold  . . .     Gourm    +     a - +0 robe
rNeg   . . .     Faith    .     b - +0 shield
rPois  .         Spirit   .     (helmet restricted)
rElec  .         Dismiss  .     (no cloak)
rCorr  .         Reflect  .     (gloves unavailable)
SustAt .         Harm     .     (boots unavailable)
MR     .....                    (no amulet)
Stlth  +.........               (no ring)
                                (no ring)

@: mighty, not resistant to hostile enchantments, very unstealthy
A: unfitting armour, claws 3, fast metabolism 3, gourmand, regeneration 2,
shaggy fur 1, tough skin 2
a: no special abilities


You were on level 2 of the Dungeon.
You were not hungry.

You visited 1 branch of the dungeon, and saw 3 of its levels.

You collected 30 gold pieces.

Inventory:

Armour
 a - a +0 robe (worn)
 b - a +0 shield (worn)
Potions
 e - a potion of agility {unknown}
Comestibles
 d - 2 bread rations


   Skills:
 - Level 2.4 Fighting
 - Level 2.4 Dodging
 - Level 2.4 Shields
 * Level 3.3 Unarmed Combat


You had one spell level left.
You didn't know any spells.

Dungeon Overview and Level Annotations

Branches:
Dungeon (3/15)

Altars:

Annotations:
D:2 Sigmund


Innate Abilities, Weirdness & Mutations

You are too large for most types of armour.
You have claws for hands.
Your metabolism is lightning-fast.
You like to eat raw meat.
You heal very quickly.
You are covered in fur (AC +1).
You have very tough skin (AC +2).


Message History

There is a stone staircase leading up here.
You climb upwards.
Level annotation: Sigmund
There is a stone staircase leading down here.
What do you say? t - Shout!
Orders for allies: a - Attack new target. r - Retreat! s - Stop attacking. w - Wait here. f - Follow me.
Anything else - Stay silent.
You shout for attention!
Sigmund shouts!
Sigmund points at you and mumbles some strange words.
The magic dart hits you! Sigmund gestures at you while chanting.
The magic dart hits you!
Found an escape hatch in the floor.
Drink which item? (? for menu, Esc to quit)
You feel very mighty all of a sudden.
Sigmund hits you from afar with a scythe.
Sigmund hits you with a scythe!
* * * LOW HITPOINT WARNING * * *
You completely miss Sigmund. You mangle Sigmund!!
Sigmund is severely wounded.
Sigmund hits you with a scythe.
* * * LOW HITPOINT WARNING * * *
You closely miss Sigmund.
Sigmund is severely wounded.
Sigmund says, "Your kind have come here before.
I understand now why.
You desire death..."
Sigmund hits you with a scythe.
* * * LOW HITPOINT WARNING * * *
You barely miss Sigmund.
Sigmund is severely wounded.
You closely miss Sigmund.
Sigmund is severely wounded.
Sigmund barely misses you.
You closely miss Sigmund.
Sigmund is severely wounded.
Sigmund hits you with a scythe!
You die...

#. ....#######
#.##.....#.....##.#
#.#...).........#.# #.#
#............%....# #.#
#...............>.. #.#
##..................
#.###.....†...........#
.................@....##
.....$..........@.(.....
........................
..........<.>...########
..............###
..............#
..............#
..............#
..........>...#
######........#


You could see Sigmund.

Vanquished Creatures
  An adder (D:2)
  An adder skeleton (D:3)
  3 orcs (D:3)
  A bat (D:2)
  A giant cockroach (D:2)
  A kobold (D:2)
  A rat (D:1)
9 creatures vanquished.

Notes
Turn   | Place    | Note
--------------------------------------------------------------
     0 | D:1      | Implojin the Troll Fighter began the quest for the Orb.
     0 | D:1      | Reached XP level 1. HP: 22/22 MP: 0/0
   119 | D:2      | Reached XP level 2. HP: 29/29 MP: 1/1
   127 | D:2      | Reached skill level 3 in Unarmed Combat
   128 | D:2      | Noticed Sigmund
   203 | D:2      | Slain by Sigmund

Skill      XL: |  1  2 |
---------------+-------+-----
Unarmed Combat | 3 |  3.3
Fighting       | |  2.4
Dodging        | |  2.4
Shields        | |  2.4

Action                   || total
-------------------------++-------
Melee: Unarmed           ||    40
  Use: Potion            ||     1
  Eat: Chunk             ||     2
Armor: Robe              ||    19
Dodge: Dodged            ||    23
Block: Shield            ||    24

Table legend:
 A = Turns spent in this place as a percentage of turns spent in the entire game.
 B = Non-inter-level travel turns spent in this place as a percentage of non-inter-level travel turns spent in the entire game.
 C = Inter-level travel turns spent in this place as a percentage of turns spent in this place.
 D = Turns resting spent in this place as a percentage of non-inter-level travel turns spent in this place.
 E = Turns spent auto-exploring this place as a percentage of non-inter-level travel turns spent in this place.
 F = Non-inter-level travel turns spent in this place divided by the number of levels of this place that you've seen.
                   A       B       C       D       E      F
               +-------+-------+-------+-------+-------+----------------------
         Total | 100.0 | 100.0 |   0.0 |   0.0 |   0.0 |  66.3
       Dungeon | 100.0 | 100.0 |   0.0 |   0.0 |   0.0 |  66.3
               +-------+-------+-------+-------+-------+----------------------

Table legend:
 A = Kills in this place as a percentage of kills in entire the game.
 B = Kills by you in this place as a percentage of kills by you in the entire game.
 C = Kills by friends in this place as a percentage of kills by friends in the entire game.
 D = Other kills in this place as a percentage of other kills in the entire game.
 E = Experience gained in this place as a percentage of experience gained in the entire game.
 F = Experience gained in this place divided by the number of levels of this place that you have seen.
                   A       B       C       D       E      F
               +-------+-------+-------+-------+-------+----------------------
         Total | 100.0 | 100.0 |  -nan |  -nan | 100.0 |  11.3
       Dungeon | 100.0 | 100.0 |  -nan |  -nan | 100.0 |  11.3
               +-------+-------+-------+-------+-------+----------------------
